|
||||||||||||||||||||||||||||||||||||||||||||||||||||||||||||||||||||||||||||||||||||||||||||||||||||||||||||||||||||||||||||||||||||||||||||||||||||
| ||||||||||||||||||||||||||||||||||||||||||||||||||||||||||||||||||||||||||||||||||||||||||||||||||||||||||||||||||||||||||||||||||||||||||||||||||||
| Bottom of the 4th over - 0 runs, 2 hits, 0 errors, 1 left on base; University of California 12 - University of Michigan 0 | ||||||||||||||||||||||||||||||||||||||||||||||||||||||||||||||||||||||||||||||||||||||||||||||||||||||||||||||||||||||||||||||||||||||||||||||||||||
| TOP OF THE 5TH | |
|---|---|
| University of California Golden Bears batting - Pitching for University of Michigan Wolverines : RHP Henrik Berg | |
| Batting: LHB Jonathan Sosa |
0-0: Foul Ball, location: 2F 0-1: Ball 1-1: Swinging Strike 1-2: Strikes out swinging |
| Batting: RHB Mike Wilson | 0-0: SOLO HOME RUN (Line Drive, 7D, EV 101.9 MPH), Distance : 402 ft |
| Batting: RHB Bill Gallardo |
0-0: Ball 1-0: SINGLE (Groundball, 6M, EV 110.6 MPH) |
| Batting: LHB Luis Orellana |
0-0: Ball 1-0: Foul Ball, location: 2F 1-1: Ball 2-1: Ball 3-1: Foul Ball, location: 2F 3-2: Foul Ball, location: 2F 3-2: Base on Balls Bill Gallardo to second |
| Batting: RHB Tim Spence |
0-0: Called Strike 0-1: DOUBLE (Line Drive, 78D, EV 110.0 MPH) Bill Gallardo scores Luis Orellana to third Runner from 3rd tries for Home, throw by LF and OUT! 7-6-2 |
| Batting: LHB Carlos Gaona | 0-0: Fly out, F8 (Line Drive, 8RM, EV 91.2 MPH) |
| Top of the 5th over - 2 runs, 3 hits, 0 errors, 1 left on base; University of California 14 - University of Michigan 0 | |
| BOTTOM OF THE 5TH | |
|---|---|
| University of Michigan Wolverines batting - Pitching for University of California Golden Bears : LHP John van Asten | |
| Batting: RHB Mario Cruz |
0-0: Ball 1-0: Fly out, F9 (Flyball, 89D, EV 93.8 MPH) |
| Batting: LHB Murdock Cranton |
0-0: Swinging Strike 0-1: Called Strike 0-2: Ball 1-2: Foul Ball, location: 2F 1-2: Strikes out swinging |
| Batting: RHB Torsten Ernst |
0-0: Ball 1-0: Swinging Strike 1-1: Swinging Strike 1-2: Foul Ball, location: 2F 1-2: Ball 2-2: Strikes out swinging |
| Bottom of the 5th over - 0 runs, 0 hits, 0 errors, 0 left on base; University of California 14 - University of Michigan 0 | |
| TOP OF THE 6TH | |
|---|---|
| University of California Golden Bears batting - Pitching for University of Michigan Wolverines : RHP Henrik Berg | |
| Batting: RHB Nate Mahon |
0-0: Ball 1-0: Fly out, F9 (Flyball, 9LM, EV 103.8 MPH) |
| Batting: SHB Nick Jansen |
0-0: Called Strike 0-1: SOLO HOME RUN (Line Drive, 9LD, EV 96.9 MPH), Distance : 372 ft |
| Batting: RHB Juan Debayle |
0-0: Called Strike 0-1: Ball 1-1: Ball 2-1: DOUBLE (Groundball, 5L, EV 97.5 MPH) |
| Batting: LHB Jonathan Sosa |
0-0: Foul Ball, location: 2F 0-1: Fly out, F9 (Flyball, 9S, EV 94.4 MPH) |
| Batting: RHB Mike Wilson |
0-0: Foul Ball, location: 2F 0-1: SINGLE (Line Drive, 89M, EV 96.2 MPH) Juan Debayle to third Runner from 3rd tries for Home, SAFE, throw by CF to home |
| Batting: RHB Bill Gallardo |
0-0: Foul Ball, location: 2F 0-1: Called Strike 0-2: Ball 1-2: Strikes out swinging |
| Top of the 6th over - 2 runs, 3 hits, 0 errors, 1 left on base; University of California 16 - University of Michigan 0 | |
| BOTTOM OF THE 6TH | |
|---|---|
| University of Michigan Wolverines batting - Pitching for University of California Golden Bears : LHP John van Asten | |
| Batting: RHB Chris Williamson |
0-0: Ball 1-0: Called Strike 1-1: Swinging Strike 1-2: Ball 2-2: Fly out, F8 (Flyball, 8RD, EV 98.8 MPH) |
| Batting: RHB Quirino Portel |
0-0: Ball 1-0: Called Strike 1-1: Called Strike 1-2: Foul Ball, location: 2F 1-2: Strikes out swinging |
| Batting: LHB Omar Gutierrez |
0-0: Called Strike 0-1: Ball 1-1: Swinging Strike 1-2: SINGLE (Groundball, 56D, EV 103.1 MPH) |
| Batting: RHB Danny Arroyo | 0-0: Fly out, F7 (Flyball, 7, EV 93.8 MPH) |
| Bottom of the 6th over - 0 runs, 1 hit, 0 errors, 1 left on base; University of California 16 - University of Michigan 0 | |
| TOP OF THE 7TH | |
|---|---|
| University of California Golden Bears batting - Pitching for University of Michigan Wolverines : RHP Henrik Berg | |
| Batting: LHB Luis Orellana |
0-0: Called Strike 0-1: Ground out 4-3 (Groundball, 4, EV 84.4 MPH) |
| Batting: RHB Tim Spence | 0-0: SINGLE (Groundball, 4D, EV 109.4 MPH) |
| Batting: LHB Carlos Gaona |
0-0: Ball 1-0: SINGLE (Groundball, 15S, EV 71.2 MPH) (infield hit) Tim Spence to second |
| Batting: RHB Nate Mahon |
0-0: DOUBLE (Line Drive, 9LS, EV 106.2 MPH) Tim Spence scores Carlos Gaona to third |
| Batting: SHB Nick Jansen |
0-0: DOUBLE (Line Drive, 9LS, EV 100.6 MPH) Carlos Gaona scores Nate Mahon scores |
| Batting: RHB Juan Debayle |
0-0: Called Strike 0-1: Ball 1-1: Ball 2-1: Ball 3-1: Base on Balls |
| Batting: LHB Jonathan Sosa |
0-0: Ball 1-0: Called Strike 1-1: Ball 2-1: Foul Ball, location: 2F 2-2: Ball 3-2: Base on Balls Nick Jansen to third Juan Debayle to second |
| Batting: RHB Mike Wilson |
0-0: Ball 1-0: SINGLE (Groundball, 4, EV 102.5 MPH) Nick Jansen scores Juan Debayle to third Jonathan Sosa to second Runner from 3rd tries for Home, SAFE, throw by RF to home |
| Batting: RHB Bill Gallardo |
0-0: Ball 1-0: Swinging Strike 1-1: Ball 2-1: Ball 3-1: Base on Balls Jonathan Sosa to third Mike Wilson to second |
| Batting: LHB Luis Orellana |
0-0: Ball 1-0: Swinging Strike 1-1: Called Strike 1-2: Ball 2-2: SINGLE (Line Drive, 8RS, EV 103.1 MPH) Jonathan Sosa scores Mike Wilson to third Bill Gallardo to second Runner from 3rd tries for Home, SAFE, throw by CF to home |
| Batting: RHB Tim Spence |
0-0: Ball 1-0: Ball 2-0: Ball 3-0: Called Strike 3-1: Base on Balls Bill Gallardo to third Luis Orellana to second |
| Batting: LHB Carlos Gaona |
0-0: Ball 1-0: Foul Ball, location: 2F 1-1: GRAND SLAM HOME RUN (Flyball, 7D, EV 98.8 MPH), Distance : 390 ft |
| Batting: RHB Nate Mahon | 0-0: Fly out, F8 (Flyball, 8RD, EV 101.2 MPH) |
| Batting: SHB Nick Jansen | 0-0: Fly out, F7 (Line Drive, 7, EV 90.6 MPH) |
| Top of the 7th over - 11 runs, 7 hits, 0 errors, 0 left on base; University of California 27 - University of Michigan 0 | |
| BOTTOM OF THE 7TH | |
|---|---|
| University of Michigan Wolverines batting - Pitching for University of California Golden Bears : LHP John van Asten | |
| Batting: LHB Lance Sabo |
0-0: Swinging Strike 0-1: Ball 1-1: Ground out 4-3 (Groundball, 4, EV 93.1 MPH) |
| Batting: RHB Aaron Marakovits | 0-0: Ground out 5-3 (Groundball, 5, EV 85.0 MPH) |
| Batting: RHB Mario Cruz |
0-0: Foul Ball, location: 2F 0-1: Foul Ball, location: 2F 0-2: Strikes out swinging |
| Bottom of the 7th over - 0 runs, 0 hits, 0 errors, 0 left on base; University of California 27 - University of Michigan 0 | |
| TOP OF THE 8TH | |
|---|---|
| University of California Golden Bears batting - Pitching for University of Michigan Wolverines : RHP Henrik Berg | |
| Batting: RHB Juan Debayle |
0-0: Called Strike 0-1: Ball 1-1: Foul Ball, location: 2F 1-2: Ball 2-2: Strikes out swinging |
| Batting: LHB Jonathan Sosa |
0-0: Ball 1-0: Ground out 4-3 (Groundball, 4, EV 107.5 MPH) |
| Batting: RHB Mike Wilson |
0-0: Called Strike 0-1: Ground out 4-3 (Groundball, 4S, EV 65.0 MPH) |
| Top of the 8th over - 0 runs, 0 hits, 0 errors, 0 left on base; University of California 27 - University of Michigan 0 | |
| BOTTOM OF THE 8TH | |
|---|---|
| University of Michigan Wolverines batting - Pitching for University of California Golden Bears : LHP John van Asten | |
| Batting: LHB Murdock Cranton | 0-0: SOLO HOME RUN (Line Drive, 89XD, EV 110.0 MPH), Distance : 417 ft |
| Batting: RHB Torsten Ernst |
0-0: Called Strike 0-1: Called Strike 0-2: Ball 1-2: Fly out, F8 (Flyball, 8LD, EV 73.8 MPH) |
| Batting: RHB Chris Williamson |
0-0: Called Strike 0-1: Swinging Strike 0-2: Strikes out swinging |
| Batting: RHB Quirino Portel |
0-0: Ball 1-0: Ball 2-0: Foul Ball, location: 2F 2-1: Foul Ball, location: 2F 2-2: Strikes out swinging |
| Bottom of the 8th over - 1 run, 1 hit, 0 errors, 0 left on base; University of California 27 - University of Michigan 1 | |
| TOP OF THE 9TH | |
|---|---|
| University of California Golden Bears batting - Pitching for University of Michigan Wolverines : RHP Henrik Berg | |
| Batting: RHB Bill Gallardo |
0-0: Ball 1-0: Called Strike 1-1: Foul Ball, location: 2F 1-2: Strikes out swinging |
| Batting: LHB Luis Orellana |
0-0: Ball 1-0: Ball 2-0: Ball 3-0: Base on Balls |
| Batting: RHB Tim Spence |
0-0: Foul Ball, location: 2F 0-1: Fly out, F7 (Flyball, 7S, EV 95.0 MPH) |
| Batting: LHB Carlos Gaona |
0-0: Called Strike 0-1: Ball 1-1: Ball 2-1: Ball 3-1: Foul Ball, location: 2F 3-2: Base on Balls Luis Orellana to second |
| Batting: RHB Nate Mahon |
0-0: Ball 1-0: Fielders Choice at 2nd, 6-4 (Groundball, 56, EV 79.4 MPH) |
| Top of the 9th over - 0 runs, 0 hits, 0 errors, 2 left on base; University of California 27 - University of Michigan 1 | |
| BOTTOM OF THE 9TH | |
|---|---|
| University of Michigan Wolverines batting - Pitching for University of California Golden Bears : LHP John van Asten | |
| Batting: LHB Omar Gutierrez |
0-0: Ball 1-0: Called Strike 1-1: Ball 2-1: Called Strike 2-2: Foul Ball, location: 2F 2-2: Strikes out looking |
| Batting: RHB Danny Arroyo | 0-0: Ground out 1-3 (Groundball, P, EV 71.2 MPH) |
| Batting: LHB Lance Sabo |
0-0: Swinging Strike 0-1: Called Strike 0-2: Foul Ball, location: 2F 0-2: Ground out 5-3 (Groundball, 56S, EV 90.6 MPH) |
| Bottom of the 9th over - 0 runs, 0 hits, 0 errors, 0 left on base; University of California 27 - University of Michigan 1 | |

| Tuesday, March 28th , 2023 - OOTP Baseball 23.10 Build 110 |